 Dungeon Crawl Stone Soup version 0.16.1-30-g34a7ffa (webtiles) character file.

3104 joy the Covert (level 9, 26/39 HPs)
             Began as a Spriggan Enchanter on June 16, 2015.
             Was an Initiate of Dithmenos.
             Quit the game on level 8 of the Dungeon.
             The game lasted 00:21:48 (9130 turns).

joy the Covert (Spriggan Enchanter)                 Turns: 9130, Time: 00:21:49

Health: 26/39      AC:  4    Str:  9    XL:     9   Next: 59%
Magic:  17/27      EV: 19    Int: 16    God:    Dithmenos [......]
Gold:   160        SH:  0    Dex: 20    Spells: 3 memorised, 16 levels left

rFire  . . .     SeeInvis +     b - +0 rapier
rCold  . . .     Clarity  +     s - +1 robe
rNeg   . . .     SustAb   .     (shield restricted)
rPois  .         Gourm    .     (helmet restricted)
rElec  .         Spirit   .     j - +0 cloak
rCorr  .         Warding  .     (gloves unavailable)
rMut   .         Stasis   .     (boots unavailable)
MR     +....                    p - amulet of clarity
Stlth  +++++.....               (no ring)
                                B - +5 ring of strength

@: very quick, somewhat resistant to hostile enchantments, quite stealthy
A: unfitting armour, see invisible, herbivore 3, speed 3, slow metabolism 2
a: Renounce Religion


You were on level 8 of the Dungeon.
You worshipped Dithmenos.
Dithmenos was noncommittal.
You were hungry.

You visited 2 branches of the dungeon, and saw 9 of its levels.
You also visited: Sewer.

You collected 407 gold pieces.
You spent 247 gold pieces at shops.

Inventory:

Hand weapons
 a - a +1 dagger of speed
 b - a +0 rapier (weapon)
 c - a +0 blowgun
Missiles
 n - 49 poisoned needles
Armour
 j - a +0 cloak (worn)
 s - a +1 robe (worn)
Jewellery
 p - an amulet of clarity (around neck)
 y - an uncursed ring of ice
 B - a +5 ring of strength (left hand)
Magical devices
 D - a wand of magic darts (19)
Scrolls
 i - 7 scrolls of identify
 k - 2 scrolls of remove curse
 m - 5 scrolls of teleportation
 q - a scroll of enchant armour {unknown}
 r - a scroll of immolation {unknown}
 t - a scroll of fog {unknown}
 v - a scroll of enchant weapon {unknown}
 w - a scroll of fear {unknown}
Potions
 e - 5 potions of heal wounds
 f - a potion of cancellation {unknown}
 g - a potion of might {unknown}
 l - a potion of restore abilities {unknown}
 o - 5 potions of curing
 u - a potion of invisibility {unknown}
 x - a potion of haste
 z - 3 potions of agility {unknown}
Books
 h - a book of Maledictions

   Spells                             Type                      Level
   a - Corona                         Hexes                        1
   b - Sure Blade                     Hexes/Charms                 2
   c - Ensorcelled Hibernation        Hexes/Ice                    2
   d - Confuse                        Hexes                        3
   e - Dazzling Spray                 Conjuration/Hexes            3
   f - Enslavement                    Hexes                        4
 A - a Grand Grimoire {highlevel, unknown}

   This book is beyond your current level of understanding.

   Spells                             Type                      Level
   a - Aura of Abjuration             Summoning                    6
   b - Summon Greater Demon           Summoning                    7
   c - Malign Gateway                 Summoning/Translocation      7
   d - Summon Horrible Things         Summoning                    8
 C - a book of the Earth

   Spells                             Type                      Level
   a - Leda's Liquefaction            Hexes/Earth                  4
   b - Bolt of Magma                  Conjuration/Fire/Earth       5
   c - Statue Form                    Transmutation/Earth          6
   d - Iron Shot                      Conjuration/Earth            6
   e - Shatter                        Earth                        9
Comestibles
 d - 4 bread rations


   Skills:
 + Level 0.0 Fighting
 - Level 5.0 Short Blades
 - Level 3.0 Dodging
 - Level 10.1 Stealth
 - Level 7.1 Spellcasting
 - Level 9.1 Hexes
 - Level 5.6 Ice Magic


You had 16 spell levels left.
You knew the following spells:

 Your Spells              Type           Power        Failure   Level  Hunger
a - Corona                Hex            ####...      1%          1    None
b - Ensorcelled Hibernat  Hex/Ice        ####..       1%          2    None
c - Confuse               Hex            ####....     1%          3    ##.....


Dungeon Overview and Level Annotations

Branches:
Dungeon (8/15)             Temple (1/1) D:6            Lair (0/8) D:8

Altars:
Cheibriados
Dithmenos
Elyvilon
Fedhas
Kikubaaqudgha
Makhleb
Nemelex Xobeh
Qazlal
Sif Muna
Trog
Vehumet
Zin

Shops:
D:4 !   D:6 :

Annotations:
D:4 Goblin1989's ghost, average DsGl
D:8 exclusion: ice statue


Innate Abilities, Weirdness & Mutations

You are tiny and cannot use many weapons and most armour.
You have supernaturally acute eyesight.
You are a herbivore.
You cover ground extremely quickly.
You need consume almost no food.


Message History

Casting: Confuse
Confirm with . or Enter, or press ? or * to list all spells.
Aiming: Confuse
Press: ? - help, Shift-Dir - straight line, f/p - phantom
Aim: a phantom (chance 45%)
The phantom appears confused.
The phantom barely misses you.
You hit the phantom.
The phantom is lightly damaged.
You hit the phantom but do no damage.
The phantom is lightly damaged.
You hit the phantom but do no damage.
The phantom is lightly damaged.
The phantom hits itself.
You hit the phantom.
The phantom is moderately damaged.
You hit the phantom but do no damage.
The phantom is moderately damaged.
You hit the phantom but do no damage.
The phantom is moderately damaged.
Are you sure you want to abandon this character and quit the game? (Confirm with "yes".)

###...###### #.PP...# #
#[.........# #.PPP..# #
####.#...####.# #PP_PP.###
#........(....###PPP.P..##
#.##...[#.........PPP.%.#
#../.#.###.#.........#
#....#.# #.##...#...##
#...W..###.###.###.####
##....@....# ### #.....
.$....######.# ######
####.## #.# #.. ..# ### ##


You could see a phantom (confused).

Vanquished Creatures
  Grinder (D:5)
  A steam dragon (D:8)
  Menkaure (D:4)
  Purgy (Sewer)
  A sky beast (D:7)
  An ice beast (D:7)
  3 phantoms (D:4)
  An ogre (D:5)
  2 centaurs (D:6)
  Sigmund (D:2)
  5 giant frogs
  A gnoll sergeant (D:7)
  A scorpion (D:7)
  3 killer bees (D:8)
  3 goliath beetles (D:7)
  3 wights (D:6)
  A crimson imp (D:5)
  4 hounds
  2 orc priests
  A giant frog zombie (D:8)
  5 orc wizards
  9 worker ants
  2 killer bee zombies
  2 hound skeletons
  A worker ant zombie (D:5)
  13 gnolls
  6 adders
  2 river rats (D:3)
  3 giant mites
  3 shadow imps
  2 worms (D:2)
  2 giant geckos
  16 orcs
  2 ball pythons
  3 giant cockroaches
  9 hobgoblins
  2 jackals (D:1)
  20 kobolds
  3 quokkas
  11 bats
  4 giant newts
  A giant spore (D:7)
  7 goblins
  15 rats
  7 ballistomycetes
  A fungus (D:8)
188 creatures vanquished.

Vanquished Creatures (others)
  A river rat (D:8)
  A bat (D:8)
  A kobold (D:8)
  A giant spore (D:8)
  A rat (D:8)
  3 fungi (D:8)
8 creatures vanquished.

Grand Total: 196 creatures vanquished

Notes
Turn   | Place    | Note
--------------------------------------------------------------
     0 | D:1      | joy, the Spriggan Enchanter, began the quest for the Orb.
     0 | D:1      | Reached XP level 1. HP: 9/9 MP: 4/4
   350 | D:1      | Reached XP level 2. HP: 13/13 MP: 7/7
   509 | D:1      | Reached skill level 5 in Stealth
   603 | D:1      | Learned a level 2 spell: Ensorcelled Hibernation
   790 | D:2      | Noticed Sigmund
   845 | D:2      | Reached XP level 3. HP: 7/16 MP: 6/9
  1035 | D:2      | Killed Sigmund
  1035 | D:2      | Reached skill level 6 in Stealth
  1035 | D:2      | Reached XP level 4. HP: 21/21 MP: 9/12
  1183 | D:2      | Reached skill level 7 in Stealth
  1185 | D:2      | Reached XP level 5. HP: 16/24 MP: 5/14
  1390 | D:2      | Found a stormy altar of Qazlal.
  1752 | D:3      | Found a glowing drain.
  1775 | Sewer    | Entered a sewer
  1970 | Sewer    | Noticed Purgy
  1972 | Sewer    | Killed Purgy
  1972 | Sewer    | Reached skill level 8 in Stealth
  1972 | Sewer    | Reached XP level 6. HP: 28/28 MP: 17/17
  2604 | D:3      | Found a deep blue altar of Sif Muna.
  2768 | D:3      | Found a burning altar of Makhleb.
  2768 | D:3      | Noticed a cacodemon
  2771 | D:3      | Noticed a ynoxinul
  2771 | D:3      | Noticed a hellwing
  3038 | D:3      | Reached skill level 5 in Short Blades
  3127 | D:3      | Reached skill level 9 in Stealth
  3607 | D:4      | Noticed Goblin1989's ghost (average DsGl)
  3651 | D:4      | Noticed Menkaure
  3652 | D:4      | Killed Menkaure
  3652 | D:4      | Reached skill level 10 in Stealth
  3652 | D:4      | Reached XP level 7. HP: 32/32 MP: 19/19
  3835 | D:4      | Found a bloodstained altar of Trog.
  3873 | D:3      | Learned a level 3 spell: Confuse
  3958 | D:4      | Reached skill level 5 in Spellcasting
  4095 | D:4      | Found Schiuc's Distillery.
  4100 | D:4      | Bought a potion of degeneration for 11 gold pieces
  4100 | D:4      | Bought a potion of mutation for 27 gold pieces
  4100 | D:4      | Bought a potion of poison for 11 gold pieces
  4100 | D:4      | Bought a potion of curing for 33 gold pieces
  4100 | D:4      | Bought a potion of heal wounds for 55 gold pieces
  4100 | D:4      | Bought a potion of haste for 110 gold pieces
  4142 | D:4      | Found a snail-covered altar of Cheibriados.
  4418 | D:5      | Entered Level 5 of the Dungeon
  4458 | D:5      | Reached XP level 8. HP: 16/36 MP: 18/25
  4736 | D:5      | Noticed Grinder
  4814 | D:5      | Killed Grinder
  4814 | D:5      | Reached skill level 5 in Hexes
  5494 | D:6      | Reached skill level 1 in Ice Magic
  5755 | D:6      | Found a staircase to the Ecumenical Temple.
  5851 | D:6      | Found Idig's Book Shop.
  5904 | D:6      | Found a glowing silver altar of Zin.
  7011 | D:7      | Reached XP level 9. HP: 39/39 MP: 24/27
  7705 | D:7      | Found a stormy altar of Qazlal.
  8412 | Temple   | Entered the Ecumenical Temple
  8417 | Temple   | Became a worshipper of Dithmenos the Shadowed
  8665 | D:8      | Found a staircase to the Lair.
  8884 | D:8      | Reached skill level 5 in Ice Magic
  9043 | D:8      | Noticed an ice statue
  9082 | D:8      | Found a blossoming altar of Fedhas.
  9130 | D:8      | Quit the game

Action                   |  1- 3 |  4- 6 |  7- 9 || total
-------------------------+-------+-------+-------++-------
Melee: Dagger            |    67 |    26 |    38 ||   131
       Short sword       |       |   106 |   146 ||   252
       Rapier            |       |       |   245 ||   245
 Cast: Ensorcelled Hiber |     5 |    17 |    62 ||    84
       Confuse           |       |       |    18 ||    18
Evoke: Wand              |       |       |     1 ||     1
  Use: Scroll            |       |     1 |     3 ||     4
 Stab: Sleeping          |    10 |    22 |    64 ||    96
       Distracted        |       |     2 |     1 ||     3
       Confused          |       |       |     9 ||     9
  Eat: Pizza             |       |     1 |       ||     1
       Fruit             |       |       |     6 ||     6
